 Dungeon Crawl Stone Soup version 0.23.2-30-g0e89c35649 (webtiles) character file.

Game seed: 9246106909727391636

1663 troglodite the Sneak (level 8, 0/37 HPs)
             Began as a Spriggan Conjurer on June 11, 2019.
             Was an Initiate of Gozag.
             Slain by a troll (10 damage)
             ... on level 6 of the Dungeon.
             The game lasted 00:25:22 (8657 turns).

troglodite the Sneak (Spriggan Conjurer)            Turns: 8657, Time: 00:25:24

Health: 0/37       AC:  6    Str:  4    XL:     8   Next: 69%
Magic:  9/17       EV: 22    Int: 17    God:    Gozag
Gold:   532        SH:  0    Dex: 18    Spells: 3/18 levels left

rFire    . . .     SeeInvis +   f - +2 short sword (venom)
rCold    . . .     Gourm    .   (shield restricted)
rNeg     + . .     Faith    .   a - +0 robe
rPois    .         Spirit   .   (helmet restricted)
rElec    .         Reflect  .   (no cloak)
rCorr    .         Harm     .   (gloves unavailable)
MR       +....                  (boots unavailable)
Stlth    ++++......             (no amulet)
HPRegen  0.12/turn              o - ring of positive energy
MPRegen  0.15/turn              t - +4 ring of protection

@: very quick
A: very small, unfitting armour, see invisible, herbivore, speed 3, slow
metabolism 2
a: Potion Petition, Call Merchant, Bribe Branch, Renounce Religion


You were on level 6 of the Dungeon.
You worshipped Gozag.
Gozag was pleased with you.
You were not hungry.

You visited 1 branch of the dungeon, and saw 6 of its levels.

You collected 664 gold pieces.
You paid 132 gold pieces to Gozag.

Inventory:

Hand Weapons
 f - a +2 short sword of venom (weapon)
Armour
 a - a +0 robe (worn)
Jewellery
 o - a ring of positive energy (left hand)
 t - a +4 ring of protection (right hand)
 v - a +1 ring of evasion
Wands
 q - a wand of enslavement (7)
Scrolls
 b - a scroll of fear {unknown}
 d - 7 scrolls of identify {unknown}
 g - a scroll of enchant weapon {unknown}
 h - a scroll of amnesia {unknown}
 j - 4 scrolls of teleportation {unknown}
 k - a scroll of blinking {unknown}
 l - a scroll of magic mapping {unknown}
 n - a scroll of immolation {unknown}
 s - 2 scrolls of remove curse {unknown}
 w - a scroll of fog {unknown}
 x - a scroll of enchant armour {unknown}
Potions
 e - 3 potions of curing {unknown}
 i - 2 potions of might {unknown}
 m - 3 potions of mutation {unknown}
 p - 2 potions of lignification {unknown}
 r - a potion of haste {unknown}
 u - 4 potions of heal wounds {unknown}
Comestibles
 c - 10 rations


   Skills:
 + Level 1.4 Fighting
 * Level 5.5 Short Blades
 * Level 6.4 Dodging
 * Level 7.2 Stealth
 * Level 5.8 Spellcasting
 * Level 4.5 Conjurations
 * Level 3.5 Hexes
 * Level 3.1 Translocations


You had 3 spell levels left.
You knew the following spells:

 Your Spells              Type           Power        Failure   Level  Hunger
a - Magic Dart            Conj           ###.         1%          1    None
b - Searing Ray           Conj           ###...       3%          2    #......
c - Fulminant Prism       Conj/Hex       ###.......   24%         4    ####...
d - Iskenderun's Mystic   Conj           ###.....     21%         4    ####...
e - Force Lance           Conj/Tloc      ###.....     26%         4    ####...

Your spell library contained the following spells:

 Spells                   Type           Power        Failure   Level  Hunger
 Dazzling Spray           Conj/Hex       ###...       8%          3    ##.....


Dungeon Overview and Level Annotations

Branches:
Dungeon (6/15)             Temple (0/1) D:6

Altars:
Gozag
Kikubaaqudgha
Qazlal
The Shining One

Shops:
D:5 *


Innate Abilities, Weirdness & Mutations

You are very small and have problems with some larger weapons.
You are too small for most types of armour.
You have supernaturally acute eyesight. (SInv)
You are a herbivore.
You cover ground extremely quickly.
You need to consume almost no food.


Message History

Aiming: Magic Dart (safe; 1% risk of failure)
Press: ? - help, Shift-Dir - straight line, f/p - troll
Aim: a troll (heavily wounded)
The magic dart hits the troll.
The troll is heavily wounded.
You closely miss the troll.
The troll is heavily wounded.
The troll bites you. The troll closely misses you. The troll claws you.
You barely miss the troll.
The troll is heavily wounded.
You completely miss the troll.
The troll is heavily wounded.
The troll completely misses you. The troll claws you! The troll misses you.
You barely miss the troll.
The troll is heavily wounded.
The troll bites you!
* * * LOW HITPOINT WARNING * * *
The troll claws you!
You die...
Your body crumbles into a pile of gold.

.........# #........#.#
.######### #........#.#
.# #........#.# .#
#.#+#'#..#.# ..# #.
#.#..#.# #.# #.
#.#..#.# .# #.# .#.# .#
#T# #.# .# #@# #.# #.#
#.# #.# #.# #.# #.# #.#
#.# #.# #.# ..# #.#
#####################.#
......................#


You could see a troll.

Vanquished Creatures
  An orc warrior (D:6)
  2 ice beasts
  2 sky beasts
  3 ogres
  A phantom (D:4)
  A scorpion (D:4)
  2 howler monkeys
  4 crimson imps (D:5)
  2 hounds (D:6)
  A bullfrog skeleton (D:5)
  3 orc wizards
  An iguana (D:4)
  5 worker ants
  A killer bee zombie (D:5)
  Robin (D:2)
  7 adders
  2 oozes
  An adder skeleton (D:5)
  4 worms
  18 dart slugs
  8 leopard geckos
  28 orcs
  A ball python (D:1)
  6 bats
  9 giant cockroaches
  12 goblins
  12 hobgoblins
  2 jackals (D:5)
  A quokka (D:3)
  8 frilled lizards
  8 kobolds
  A quokka skeleton (D:4)
  11 rats
169 creatures vanquished.

Notes
Turn   | Place    | Note
-------+----------+-------------------------------------------
     0 | D:1      | troglodite the Spriggan Conjurer began the quest for the
                  | Orb.
     0 | D:1      | Reached XP level 1. HP: 9/9 MP: 5/5
   105 | D:1      | Reached XP level 2. HP: 13/13 MP: 0/6
   129 | D:1      | Learned a level 2 spell: Searing Ray
   600 | D:1      | Reached XP level 3. HP: 16/16 MP: 6/8
  1557 | D:2      | Noticed Robin
  1694 | D:1      | Reached skill level 1 in Short Blades
  1697 | D:1      | Reached XP level 4. HP: 8/21 MP: 5/10
  2124 | D:2      | Found an ancient bone altar of Kikubaaqudgha.
  3144 | D:2      | Killed Robin
  3198 | D:3      | Reached XP level 5. HP: 11/25 MP: 11/11
  4126 | D:3      | Learned a level 4 spell: Fulminant Prism
  4500 | D:4      | Reached skill level 4 in Stealth
  4565 | D:4      | Reached XP level 6. HP: 29/29 MP: 9/13
  4964 | D:4      | Reached skill level 1 in Hexes
  5312 | D:4      | Reached skill level 1 in Fighting
  5489 | D:5      | Entered Level 5 of the Dungeon
  5489 | D:5      | Noticed an ice beast
  5505 | D:4      | Killed an ice beast
  5505 | D:4      | Reached XP level 7. HP: 21/33 MP: 4/15
  5511 | D:4      | Learned a level 4 spell: Iskenderun's Mystic Blast
  5611 | D:4      | Learned a level 4 spell: Force Lance
  5727 | D:5      | Reached skill level 5 in Stealth
  5912 | D:5      | Reached skill level 5 in Dodging
  6049 | D:5      | Reached skill level 1 in Translocations
  6228 | D:5      | Reached skill level 5 in Spellcasting
  6263 | D:5      | Found Rimaolaap's Assorted Antiques.
  6498 | D:5      | Found a glowing golden altar of the Shining One.
  6529 | D:5      | Found an opulent altar of Gozag.
  6566 | D:5      | Became a worshipper of Gozag Ym Sagoz the Greedy
  6594 | D:5      | Reached XP level 8. HP: 37/37 MP: 16/16
  7487 | D:6      | Reached skill level 5 in Short Blades
  7568 | D:6      | Reached skill level 6 in Stealth
  7582 | D:6      | Noticed a troll
  8043 | D:6      | Found a staircase to the Ecumenical Temple.
  8107 | D:6      | Reached skill level 7 in Stealth
  8127 | D:6      | Found a stormy altar of Qazlal.
  8657 | D:6      | Slain by a troll

Skill      XL: |  1  2  3  4  5  6  7  8 |
---------------+-------------------------+-----
Conjurations   | 3 4 |  4.5
Spellcasting   | 3 4 5 |  5.8
Short Blades   | 1 2 3 4 5 |  5.5
Dodging        | 4 5 6 |  6.4
Stealth        | 4 5 7 |  7.2
Hexes          | 1 2 3 |  3.5
Fighting       | 1 |  1.4
Translocations | 1 3 |  3.1

Action                   |  1- 3 |  4- 6 |  7- 9 || total
-------------------------+-------+-------+-------++-------
Melee: Short sword       |    93 |   133 |   156 ||   382
 Cast: Magic Dart        |    51 |    74 |    63 ||   188
       Searing Ray       |     1 |    11 |    16 ||    28
 Stab: Sleeping          |     1 |     6 |     9 ||    16
       Distracted        |       |       |     2 ||     2
  Eat: Ration            |       |     1 |     2 ||     3
Armor: Robe              |    11 |    12 |    18 ||    41
Dodge: Dodged            |    94 |   113 |   144 ||   351
